cohdb
Replays
Latest Replays
All Replays
Popular Replays
Top Player Replays
Match Explorer
How It Works
Community
CoH3 Stats
Reddit
Sign in to upload your games and track your stats! →
Sign in with Steam
Match 42178317
Unlisted
Match 42178317
Overview
Messages
Build Orders
End
Kettenkrad Recon Vehicle
Construct Infanterie Kompanie
Grenadier Squad
MG 42 Machine Gun Team
Grenadier Squad
Construct Panzergrenadier Kompanie
251 Medium Carrier
Pak 40 Anti-tank Gun Team
Support Elements
Nebelwerfer 42 Rocket Launcher Team
Nebelwerfer 42 Rocket Launcher Team
Kettenkrad Recon Vehicle
Construct Panzer Kompanie
Stoßtruppen Squad
Stoßtruppen Squad
MajorZ14
TacticalVanguard
Globalnaya
Danh Vo
Kylen
runningDuck
iPlayThisNaked
szwed
0
0
Comments
sign in to comment!
No comments posted yet!